 Seeded DCSS version 0.29.1-15-g9cfb28693d (webtiles) character file.

Game seed: 16245865983455551772 (custom seed)

91 Darius099 the Sneak (level 4, -3/31 HPs)
             Began as an Octopode Brigand on Mar 19, 2023.
             Killed from afar by an orc wizard (7 damage)
             ... with a puff of flame
             ... on level 3 of the Dungeon.
             The game lasted 00:04:25 (2071 turns).

Darius099 the Sneak (Octopode Brigand)              Turns: 2071, Time: 00:04:26

Health: -3/31      AC:  1    Str: 10    XL:     4   Next: 57%
Magic:  4/4        EV: 12    Int: 27    God:
Gold:   1259       SH:  0    Dex: 15    Spells: 3/3 levels left

rFire   . . .      SeeInvis .   a - +2 dagger
rCold   . . .      Faith    .   (no shield)
rNeg    . . .      Spirit   .   (helmet restricted)
rPois   .          Reflect  .   (no amulet)
rElec   .          Harm     .   h - +6 ring of intelligence
rCorr   .          Rampage  .   i - +6 ring of intelligence
Will    .....                   j - ring of Jealousy {Wiz Int+2}
Stlth   ++++......              (no ring)
HPRegen 0.10/turn               (no ring)
MPRegen 0.09/turn               (no ring)
                                (no ring)
                                (no ring)

@: no status effects
A: almost no armour, amphibious, 8 rings, camouflage 1, gelatinous body 1,
(nimble swimmer 1), tentacles
a: no special abilities


You were on level 3 of the Dungeon.
You visited 1 branch of the dungeon, and saw 3 of its levels.

You collected 1259 gold pieces.

Inventory:

Hand Weapons
 a - a +2 dagger (weapon)
Missiles
 b - 11 poisoned darts (quivered)
 c - 3 curare-tipped darts
Jewellery
 h - a +6 ring of intelligence (left tentacle)
 i - a +6 ring of intelligence (right tentacle)
 j - the ring of Jealousy (on tentacle) {Wiz Int+2}
   (You acquired it on level 1 of the Dungeon)

   [ring of wizardry]

   It improves your spell success rate.
   Int:       It affects your intelligence (+2).
Scrolls
 g - 2 scrolls of teleportation {unknown}
 k - a scroll of identify {unknown}
 l - a scroll of enchant weapon {unknown}
 m - a scroll of summoning {unknown}
Potions
 d - a potion of lignification {unknown}
 e - a potion of might {unknown}
 f - 2 potions of flight {unknown}


   Skills:
 + Level 3.1 Fighting
 + Level 3.1 Short Blades
 - Level 2.0 Throwing
 - Level 1.0 Dodging
 + Level 6.3 Stealth


You had 3 spell levels left.
You didn't know any spells.
Your spell library contained the following spells:

 Spells                   Type           Power      Damage    Failure   Level
 Sting                    Tmut/Pois      0%         1d3       4%          1
 Poisonous Vapours        Pois/Air       0%         N/A       8%          2
 Olgreb's Toxic Radiance  Pois           0%         N/A       41%         4


Dungeon Overview and Level Annotations

Branches:
Dungeon (3/15)

Altars:


Innate Abilities, Weirdness & Mutations

You cannot wear most types of armour.
You are amphibious.
You can wear up to eight rings at the same time.
Your skin changes colour to match your surroundings (Stealth+).
Your rubbery body absorbs attacks. (AC +1, EV +1)
((You are camouflaged when in or above water. (Stealth+)))
You have tentacles for arms and can constrict up to eight enemies at once.


Message History

You hit the orc wizard.
The orc wizard is heavily wounded.
You constrict the orc wizard. The orc hits you with a +0 dagger.
The orc wizard hits you with a +0 dagger.
The orc barely misses you.
You release your grip on the orc wizard.
The orc wizard closely misses you.
The orc wizard attacks as you move away!
The orc wizard hits you with a +0 dagger.
You hit the orc. Your grab misses the orc.
The orc is lightly wounded.
The orc closely misses you.
You hit the orc but do no damage. You grab the orc. You squeeze the orc.
The orc is almost dead.
You constrict the orc.
You kill the orc!
You hit the orc. You grab the orc. You squeeze the orc.
You kill the orc!
You hit the orc wizard. Your grab misses the orc wizard.
You squeeze the orc wizard.
You kill the orc wizard!
Your Fighting skill increases to level 3!
Your Short Blades skill increases to level 3!
Something hits you. The orc hits you with a +0 dagger.
* * * LOW HITPOINT WARNING * * *
Items here: ))) [ ††.
You barely miss something. Your squeeze misses something. Something hits you.
* * * LOW HITPOINT WARNING * * *
The orc barely misses you.
You barely miss the orc. You grab the orc.
You squeeze the orc, but do no damage. You constrict the orc.
You hear some strange, mumbled words.
Something tries to affect you, but you resist.
The orc hits you with a +0 dagger.
* * * LOW HITPOINT WARNING * * *
You release your grip on the orc.
You hear some strange, mumbled words.
A puff of flame appears from out of thin air!
The puff of flame hits you!
You die...

##### # #
#<#.#.#.###
###.#.#......
#..@)o....#
#.#.#{###.#
#...#........
#########.###


You could see an orc.

Vanquished Creatures
  Jessica (D:2)
  An orc wizard (D:3)
  An adder (D:2)
  2 orcs (D:3)
  2 ball pythons (D:1)
  2 bats
  4 endoplasms (D:1)
  2 goblins (D:1)
  3 hobgoblins (D:1)
  2 kobolds (D:1)
  3 quokkas (D:1)
  A frilled lizard (D:1)
  3 rats
27 creatures vanquished.

Notes
Turn   | Place    | Note
-------+----------+-------------------------------------------
     0 | D:1      | Darius099 the Octopode Brigand began the quest for the Orb.
     0 | D:1      | Reached XP level 1. HP: 14/14 MP: 1/1
   230 | D:1      | Reached XP level 2. HP: 17/19 MP: 2/2
   319 | D:1      | Found a faded altar of an unknown god.
  1207 | D:1      | Reached XP level 3. HP: 25/25 MP: 3/3
  1209 | D:1      | Identified 3 scrolls of acquirement
  1209 | D:1      | Acquired 563 gold pieces
  1210 | D:1      | Acquired the ring of Jealousy {Wiz Int+2}
  1215 | D:1      | Acquired 605 gold pieces
  1530 | D:2      | Noticed Jessica
  1536 | D:2      | Killed Jessica
  1537 | D:2      | Reached skill level 6 in Stealth
  1537 | D:2      | Reached XP level 4. HP: 21/30 MP: 4/4
  2071 | D:3      | Killed from afar by an orc wizard

Illustrated notes

Levels and vault maps discovered:
D:1:      minmay_arrival_hallway, layout_loops_corners, basic_ecumenical_altar,
          minmay_unequal
D:2:      layout_loops_ring, uniq_jessica
D:3:      layout_basic, serial_shops, nicolae_shop_advertising_works
          [nicolae_subvault_shop_adworks], minmay_shallow_snake_nest,
          uniq_natasha

Skill      XL: |  1  2  3  4 |
---------------+-------------+-----
Stealth        | 6 |  6.3
Fighting       | 3 |  3.1
Short Blades   | 3 |  3.1
Throwing       | |  2.0
Dodging        | |  1.0

Action                   |  1- 3 |  4- 6 || total
-------------------------+-------+-------++-------
Melee: Dagger            |    37 |    13 ||    50
       Constrict         |     4 |     6 ||    10
       Tentacles         |     4 |     6 ||    10
  Use: Scroll            |     3 |       ||     3
 Stab: Sleeping          |    11 |     1 ||    12
Armor: Skin              |     3 |       ||     3
Dodge: Dodged            |    10 |     5 ||    15
